 Dungeon Crawl Stone Soup version 0.21-a0-243-g597973d (webtiles) character file.

63 tidbits the Skirmisher (level 3, -8/31 HPs)
             Began as a Demigod Wanderer on Sept 4, 2017.
             Killed from afar by Sigmund (11 damage)
             ... with a magic dart
             ... on level 4 of the Dungeon.
             The game lasted 00:07:27 (814 turns).

tidbits the Skirmisher (Demigod Wanderer)            Turns: 814, Time: 00:07:27

Health: -8/31      AC:  6    Str: 17    XL:     3   Next: 63%
Magic:  6/6        EV: 11    Int: 21    God:
Gold:   63         SH:  0    Dex: 15    Spells: 2/2 levels left

rFire    . . .     SeeInvis .   a - +2 falchion
rCold    . . .     Gourm    .   (no shield)
rNeg     . . .     Faith    +   B - +0 ring mail
rPois    .         Spirit   .   (no helmet)
rElec    .         Reflect  .   C - +0 cloak
rCorr    .         Harm     .   (no gloves)
MR       .....                  (no boots)
Stlth    +.........             o - amulet of faith
HPRegen  0.10/turn              (no ring)
MPRegen  0.10/turn              (no ring)

@: brilliant, hasted, very quick
A: high mp 1
a: no special abilities


You were on level 4 of the Dungeon.
You were not hungry.

You visited 1 branch of the dungeon, and saw 4 of its levels.

You collected 63 gold pieces.

Inventory:

Hand Weapons
 a - a +2 falchion (weapon)
 b - a +0 mace
 j - a +0 dagger
 r - a +0 quarterstaff
 v - a +0 battleaxe
Missiles
 k - 41 stones (quivered)
 q - 40 arrows
 u - 19 poisoned needles
Armour
 d - a +0 robe
 B - a +0 ring mail (worn)
 C - a +0 cloak (worn)
Jewellery
 o - an amulet of faith (around neck)
   (You found it on level 1 of the Dungeon)
Scrolls
 t - a scroll of blinking {unknown}
Potions
 h - a potion of magic
Comestibles
 c - a chunk of flesh
 f - 3 bread rations
 g - 4 fruits
 i - a meat ration
 m - 2 royal jellies


   Skills:
 + Level 3.2 Fighting
 - Level 1.7 Long Blades
   Level 2.6 Crossbows
 - Level 1.7 Armour
 - Level 1.0 Dodging
 - Level 1.0 Stealth
   Level 1.0 Evocations


You had 2 spell levels left.
You didn't know any spells.

Dungeon Overview and Level Annotations

Branches:
Dungeon (4/15)
 Temple: D:4-7

Annotations:
D:4 Sigmund


Innate Abilities, Weirdness & Mutations

You have an increased reservoir of magic. (+10% MP)


Message History

You closely miss the kobold. The kobold misses you.
You hit the kobold.
You kill the kobold!
You see here a short sword.
A hobgoblin comes into view.
The hobgoblin shouts!
There is a stone staircase leading down here.
You climb downwards.
Sigmund the Dreaded comes into view.
He is wielding a scythe of flaming.
Sigmund shouts!
Found a hazy altar of Hepliaklqana.
There is a stone staircase leading up here.
It was a potion of heal wounds.
You feel much better. Sigmund gestures at you while chanting.
You resist with some effort.
You climb upwards.
The hobgoblin hits you.
There is a stone staircase leading down here.
You closely miss the hobgoblin. The hobgoblin closely misses you.
You closely miss the hobgoblin.
The hobgoblin hits you but does no damage.
You hit the hobgoblin.
The hobgoblin is severely wounded.
The hobgoblin hits you but does no damage.
You closely miss the hobgoblin.
The hobgoblin is severely wounded.
The hobgoblin barely misses you.
You riposte.
You completely miss the hobgoblin.
The hobgoblin is severely wounded.
The hobgoblin misses you.
You riposte.
You closely miss the hobgoblin.
The hobgoblin is severely wounded.
You barely miss the hobgoblin.
The hobgoblin is severely wounded.
The hobgoblin misses you.
You riposte.
You closely miss the hobgoblin.
The hobgoblin is severely wounded.
You slash the hobgoblin!
You kill the hobgoblin!
As you read the scroll labeled OTTOIBROH UPEMU, it crumbles to dust.
It is a scroll of recharging.
You aren't carrying any rechargeable items.
As you read the scroll labeled ARPHUO WOOGUL, it crumbles to dust.
It is a scroll of identify.
h - a potion of magic It was a potion of haste.
You feel yourself speed up.
It was a potion of brilliance.
You feel clever all of a sudden.
You climb downwards.
Level annotation: Sigmund
There is a stone staircase leading up here.
Sigmund hits you from afar with a scythe of flaming.
Sigmund burns you.
You hit Sigmund.
Sigmund is lightly wounded.
Sigmund points at you and mumbles some strange words.
The magic dart hits you!
You closely miss Sigmund.
Sigmund is lightly wounded.
Sigmund's eyes start glowing with a red light.
Sigmund hits you with a scythe of flaming.
Sigmund burns you.
You hit Sigmund but do no damage.
Sigmund is lightly wounded.
You barely miss Sigmund.
Sigmund is lightly wounded.
Sigmund's eyes start glowing with a red light.
Sigmund points at you and mumbles some strange words.
You are confused.
You barely miss Sigmund.
Sigmund is lightly wounded.
Sigmund casts a spell at you. The magic dart hits you!
You closely miss Sigmund.
Sigmund is lightly wounded.
Sigmund hits you with a scythe of flaming!
* * * LOW HITPOINT WARNING * * *
Sigmund burns you.
* * * LOW HITPOINT WARNING * * *
Your magic is already full.
You're too confused to move!
The rat closely misses you.
Sigmund points at you and mumbles some strange words.
You resist with some effort. The rat bites you but does no damage.
Unknown command.
You closely miss the rat. Sigmund casts a spell at you.
You resist with some effort. The rat bites you but does no damage.
You barely miss the rat. Sigmund closely misses you.
The rat closely misses you.
You miss the rat. The rat closely misses you.
Sigmund hits you from afar with a scythe of flaming.
* * * LOW HITPOINT WARNING * * *
Sigmund burns you.
* * * LOW HITPOINT WARNING * * *
Unknown command.
You barely miss the rat.
You feel less confused. The rat barely misses you. The rat closely misses you.
Sigmund casts a spell at you. The magic dart hits you!
You die...

#....#
+....#
#....#
##....#
#.....#
#.....#
#.@r..#
##....#
#..@.#
#..#.#
+..._..
#..#.#...
#....#.....
#....# ....
#....# ....
#.. .# ...


You could see Sigmund and a rat.

Vanquished Creatures
  4 adders (D:2)
  A leopard gecko (D:1)
  A giant cockroach (D:1)
  3 hobgoblins
  5 kobolds
  9 bats
  3 frilled lizards
  A goblin (D:1)
  2 rats
29 creatures vanquished.

Notes
Turn   | Place    | Note
-------+----------+-------------------------------------------
     0 | D:1      | tidbits the Demigod Wanderer began the quest for the Orb.
     0 | D:1      | tidbits set off with: a +2 falchion, a +0 mace, a potion of lignification, a +0 robe, a bread ration
     0 | D:1      | Reached XP level 1. HP: 14/14 MP: 3/3
   172 | D:1      | Reached skill level 1 in Fighting
   221 | D:2      | Reached XP level 2. HP: 10/24 MP: 5/5
   280 | D:2      | Reached skill level 2 in Fighting
   591 | D:2      | Reached XP level 3. HP: 30/30 MP: 6/6
   614 | D:2      | Reached skill level 3 in Fighting
   781 | D:4      | Found a hazy altar of Hepliaklqana.
   781 | D:4      | Noticed Sigmund
   810 | D:4      | HP: 3/31 [Sigmund/scythe of flaming (3)]
   814 | D:4      | Killed from afar by Sigmund

Vault maps used:
D:1:      saegor_arrival_simple_f, kennysheep_minor_cross, grunt_decor_arrowhead
D:2:      first_bread, grunt_ministairs_1, uniq_crazy_yiuf_cottage
D:3:      uniq_natasha, uniq_ijyb
D:4:      lemuel_crystal_altar, serial_shops, shop, uniq_sigmund

Skill      XL: |  1  2  3 |
---------------+----------+-----
Fighting       | 1 2 3 |  3.2
Long Blades    | |  1.7
Crossbows      | |  2.6
Armour         | |  1.7
Dodging        | |  1.0
Stealth        | |  1.0
Evocations     | |  1.0

Action                   || total
-------------------------++-------
Melee: Falchion          ||   107
Throw: Stone             ||     2
  Use: Potion            ||     4
       Scroll            ||     2
 Stab: Sleeping          ||     1
Armor: Ring mail         ||    36
       Robe              ||     1
       Skin              ||    32
Dodge: Dodged            ||    53
       Rpst.: Falchion   ||    18

Table legend:
 A = Spawn XP
 B = Non-spawn XP
 C = Spawn XP percentage of total XP
 D = Spawn monster count
 E = Non-spawn monster count
 F = Spawn count percentage of total count
 G = Total turns spent on level
                    A         B        C        D         E        F      G
               +---------+---------+-------+---------+---------+-------+---------
         Total |       2 |      89 |   2.2 |       1 |      28 |   3.4 |   814
               +---------+---------+-------+---------+---------+-------+---------
           D:1 |       0 |      19 |   0.0 |       0 |      11 |   0.0 |   449
           D:2 |       0 |      63 |   0.0 |       0 |      12 |   0.0 |   241
           D:3 |       2 |       7 |  22.2 |       1 |       5 |  16.7 |   103
               +---------+---------+-------+---------+---------+-------+---------

Table legend:
 A = Turns spent in this place as a percentage of turns spent in the entire game.
 B = Non-inter-level travel turns spent in this place as a percentage of non-inter-level travel turns spent in the entire game.
 C = Inter-level travel turns spent in this place as a percentage of turns spent in this place.
 D = Turns resting spent in this place as a percentage of non-inter-level travel turns spent in this place.
 E = Turns spent auto-exploring this place as a percentage of non-inter-level travel turns spent in this place.
 F = Non-inter-level travel turns spent in this place divided by the number of levels of this place that you've seen.
                   A       B       C       D       E      F
               +-------+-------+-------+-------+-------+----------------------
         Total | 100.0 | 100.0 |   7.6 |   0.8 |   0.0 | 188.0
       Dungeon | 100.0 | 100.0 |   7.6 |   0.8 |   0.0 | 188.0
               +-------+-------+-------+-------+-------+----------------------

Table legend:
 A = Kills in this place as a percentage of kills in entire the game.
 B = Kills by you in this place as a percentage of kills by you in the entire game.
 C = Kills by friends in this place as a percentage of kills by friends in the entire game.
 D = Other kills in this place as a percentage of other kills in the entire game.
 E = Experience gained in this place as a percentage of experience gained in the entire game.
 F = Experience gained in this place divided by the number of levels of this place that you have seen.
                   A       B       C       D       E      F
               +-------+-------+-------+-------+-------+----------------------
         Total | 100.0 | 100.0 |   N/A |   N/A | 100.0 |  22.8
       Dungeon | 100.0 | 100.0 |   N/A |   N/A | 100.0 |  22.8
               +-------+-------+-------+-------+-------+----------------------

Vault maps used:
D:1:      saegor_arrival_simple_f, kennysheep_minor_cross, grunt_decor_arrowhead
D:2:      first_bread, grunt_ministairs_1, uniq_crazy_yiuf_cottage
D:3:      uniq_natasha, uniq_ijyb
D:4:      lemuel_crystal_altar, serial_shops, shop, uniq_sigmund
